Cogmind - Beta 10.2 @@@ ROGUE MODE // 2021.05.22 @ 11:44:45 Player: sorro Result: Destroyed by S-10 Pest with Light Assault Rifle Performance ------------- Evolutions (0) 0 Regions Visited (1) 200 Robots Destroyed (12) 60 Value Destroyed (335) 335 Prototype IDs (0) 0 Alien Tech Used (0) 0 Bonus (0) 0 TOTAL SCORE: 595 Bonus ------- None Cogmind --------- Core Integrity 0/250 Matter 290/300 Energy 245/250 System Corruption 0% Temperature Cool (36) Movement Walking (150) Ox1 Location -10/Materials Parts ------- > --- POWER (1) -------- Ion Engine > --- PROPULSION (2) --- Aluminum Leg Flight Unit > --- UTILITY (2) ------ Small Storage Unit ECM Suite > --- WEAPON (2) ------- Medium Laser Mining Claw > --- INVENTORY (6) ---- Large Matter Pod (139) Core Shielding Light Armor Plating Light Armor Plating Light Assault Rifle Light Cannon Peak State ------------ > --- POWER ------------ Light Ion Engine > --- PROPULSION ------- Wheel Compact Wheel > --- UTILITY ---------- Small Storage Unit Terrain Scanner > --- WEAPON ----------- Medium Laser Assault Rifle > --- INVENTORY -------- Improved Heat Sink Light Armor Plating Medium Laser Assault Rifle Light Cannon [Rating: 7] Favorites ----------- Power Ion Engine Engine Ion Engine Propulsion Flight Unit Treads Light Treads Leg Aluminum Leg Wheel Wheel Flight Unit Flight Unit Utility Small Storage Unit Device ECM Suite Storage Small Storage Unit Weapon Mining Claw Energy Gun Medium Laser Ballistic Gun Assault Rifle Slashing Weapon Mining Claw Build | -11 -10 ------- Run | Scr Mat Slots Evolved . | . . Power . | . . Propulsion . | . . Utility . | . . Weapon . | . . Parts Attached 19 | 7 12 Power 3 | 1 2 Engine 3 | 1 2 Core . | . . Reactor . | . . Propulsion 7 | 3 4 Treads 1 | 1 . Leg 2 | . 2 Wheel 2 | 2 . Hover . | . . Flight 2 | . 2 Utility 3 | 1 2 Device 2 | . 2 Storage 1 | 1 . Processor . | . . Hackware . | . . Protection . | . . Artifact . | . . Weapon 6 | 2 4 Energy Gun 2 | 1 1 Energy Cannon . | . . Ballistic Gun 3 | 1 2 Ballistic Cannon . | . . Launcher . | . . Special Weapon . | . . Impact Weapon . | . . Slashing Weapon 1 | . 1 Piercing Weapon . | . . Special Melee Weapon . | . . Unidentified Prototypes . | . . Parts Lost 4 | . 4 Power . | . . Propulsion 3 | . 3 Utility . | . . Weapon 1 | . 1 Highest Loss Streak 2 | . 2 Average Slot Usage (%) 90 | . 90 Engine 14 | . 14 Leg 3 | . 3 Wheel 10 | . 10 Flight 7 | . 7 Device 12 | . 12 Storage 14 | . 14 Energy Gun 5 | . 5 Ballistic Gun 11 | . 11 Slashing Weapon 10 | . 10 Naked Turns . | . . Heaviest Build 14 | 11 14 Greatest Support 26 | 26 26 Greatest Overweight (x) 4 | 1 4 Average Overweight (x) . | . . Largest Inventory Capacity 6 | 6 6 Average Capacity 5 | 4 6 Most Carried 6 | 2 6 Average Carried 5 | . 5 Final Capacity 6 | 6 6 Final Carried 6 | 1 6 Class Distribution -------------------- 85% | Mutant 15% | Scavenger-Mutant Dominant Class ---------------- Mutant | -10/Materials Resources | -11 -10 ----------- Run | Scr Mat Matter Collected 570 | 222 348 Remotely . | . . Salvage Created 406 | . 406 Parts 26 | . 26 Haulers Intercepted . | . . Recyclers Shooed . | . . Parts Field Recycled . | . . Retrieved Matter . | . . Parts Self-Destructed . | . . Prevented . | . . Kills | -11 -10 ------- Run | Scr Mat Combat Hostiles Destroyed 12 | . 12 Melee 3 | . 3 Guns 9 | . 9 Classes Destroyed 2 | . 2 Swarmer 4 | . 4 Grunt 8 | . 8 Best Kill Streak 3 | . 3 Combat Bots Only 3 | . 3 Max Kills in Single Turn 1 | . 1 Gunslinging . | . . Exploded . | . . Melee 1 | . 1 Uniques/NPCs Destroyed . | . . Combat | -11 -10 -------- Run | Scr Mat Damage Taken 777 | . 777 Core 251 | . 251 Absorbed by Shields . | . . Core Remaining (%) 100 | 100 . Volleys Fired 37 | . 37 Largest 2 | . 2 Hottest 70 | . 70 Shots Fired 48 | . 48 Gun 48 | . 48 Cannon . | . . Launcher . | . . Special . | . . Kinetic 27 | . 27 Thermal 21 | . 21 Explosive . | . . Electromagnetic . | . . Robot Hit Streak 5 | . 5 Robot Miss Streak 2 | . 2 Penetration Max . | . . Secondary Targets . | . . Shots Hit Robots 32 | . 32 Core Hits 17 | . 17 Critical Hits . | . . Critical Kills . | . . Critical Parts Destroyed . | . . Melee Attacks 9 | . 9 Impact . | . . Slashing 9 | . 9 Piercing . | . . Sneak Attacks . | . . Combat Hostiles . | . . Follow-up Attacks . | . . Damage Inflicted 512 | . 512 Guns 419 | . 419 Cannons . | . . Explosions . | . . Melee 93 | . 93 Ramming . | . . Kinetic 253 | . 253 Thermal 166 | . 166 Explosive . | . . Electromagnetic . | . . Impact . | . . Slashing 93 | . 93 Piercing . | . . Highest Corruption . | . . Average Corruption . | . . Corruption Purged . | . . Overload Shots . | . . Overflow Damage . | . . Projectiles . | . . Explosions . | . . Melee . | . . Knockbacks . | . . Impact . | . . Kinetic . | . . Secondary . | . . Self-Inflicted Damage . | . . Shots . | . . Rammed . | . . Targets Rammed . | . . Kicked . | . . Crushed . | . . Highest Temperature 123 | . 123 Average Temperature 43 | . 43 Received Heat Transfer 249 | . 249 Siege Activations . | . . Robots Corrupted . | . . Combat Hostiles . | . . Parts Fried . | . . Impact Corruptions . | . . Robots Melted . | . . Combat Hostiles . | . . Parts Melted 1 | . 1 Heat Transferred 481 | . 481 Parts Sabotaged . | . . Parts Stolen . | . . Parts Stripped . | . . Power Chain Reactions . | . . Missiles Intercepted . | . . Alert | -11 -10 ------- Run | Scr Mat Peak Influence 253 | . 253 Initial . | . . Average 102 | . 108 Maximum Alert Level 1 | . 1 Low Security (%) 83 | 100 82 Level 1 16 | . 17 Level 2 . | . . Level 3 . | . . Level 4 . | . . Level 5 . | . . High Security . | . . Max Security . | . . Squads Dispatched 7 | . 7 Investigation 4 | . 4 Extermination . | . . Reinforcement 3 | . 3 Assault . | . . Garrison . | . . Intercept . | . . Construction Impeded . | . . Haulers Reinforced . | . . Stealth | -11 -10 --------- Run | Scr Mat Distress Signals 4 | . 4 Communications Jammed . | . . Distress Signals . | . . Times Spotted 26 | . 26 Peak Tracking Total 5 | . 5 Tactical Retreats 7 | . 7 Traps | -11 -10 ------- Run | Scr Mat Traps Triggered 3 | . 3 Indirectly . | . . Trap Hack Attempts . | . . Triggered . | . . Disarmed . | . . Reprogrammed . | . . Reused . | . . Traps Extracted . | . . Installed . | . . Triggered . | . . Machines | -11 -10 ---------- Run | Scr Mat Machines Disabled 1 | . 1 Max in Single Turn 1 | . 1 Machines Sabotaged . | . . Garrisons Compromised . | . . Overloaded Fab Kills . | . . Fab Network Shutdowns . | . . Hacking | -11 -10 --------- Run | Scr Mat Machines Accessed 3 | . 3 Terminals 1 | . 1 Fabricators . | . . Repair Stations 1 | . 1 Recycling Units 1 | . 1 Scanalyzers . | . . Garrison Access . | . . Total Hacks 11 | . 11 Successful 9 | . 9 Failed 2 | . 2 Catastrophic . | . . Database Lockouts . | . . Manual . | . . Terminals 3 | . 3 Fabricators . | . . Repair Stations 3 | . 3 Recycling Units 5 | . 5 Scanalyzers . | . . Garrison Access . | . . Terminal Hacks 1 | . 1 Unreport Threat 1 | . 1 Fabricator Hacks . | . . Repair Station Hacks 3 | . 3 Scan Component 1 | . 1 Repair 1 | . 1 Refit 1 | . 1 Recycling Unit Hacks 5 | . 5 Recycle Component 2 | . 2 Process 1 | . 1 Report Inventory 1 | . 1 Retrieve Matter 1 | . 1 Scanalyzer . | . . Garrison Access Hacks . | . . Unauthorized Hacks . | . . Terminals . | . . Fabricators . | . . Repair Stations . | . . Recycling Units . | . . Scanalyzers . | . . Garrison Access . | . . Data Cores Recovered . | . . Used . | . . Hacking Detections 2 | . 2 Full Trace Events 2 | . 2 Feedback Events . | . . Feedback Blocked . | . . Robot Schematics Acquired . | . . Robots Built . | . . Matter . | . . Time . | . . Total Robot Build Rating . | . . Part Schematics Acquired . | . . Parts Built . | . . Matter . | . . Time . | . . Total Part Build Rating . | . . Parts Repaired 1 | . 1 Time 26 | . 26 Parts Recycled 2 | . 2 Recycled Matter 116 | . 116 Retrieved Matter 116 | . 116 Retrieved Components . | . . Parts Scanalyzed . | . . Part Schematics Acquired . | . . Parts Damaged . | . . Bothacking | -11 -10 ------------ Run | Scr Mat Used RIF Installer . | . . Robots Hacked . | . . Non-combat . | . . Combat . | . . Robot Hacks Applied . | . . Relay Couplers Released . | . . Robots Rewired . | . . Allies Hacked . | . . Hacks Repelled . | . . Allies | -11 -10 -------- Run | Scr Mat Total Allies . | . . Largest Group . | . . Highest-Rated Group . | . . Highest-Rated Ally . | . . Total Orders . | . . Ally Attacks . | . . Total Damage . | . . Kills . | . . Allies Corrupted . | . . Allies Melted . | . . Intel | -11 -10 ------- Run | Scr Mat Robot Analysis Total . | . . Derelict Logs Recovered . | . . Drone Launches . | . . Drone Recoveries . | . . Exploration | -11 -10 ------------- Run | Scr Mat Turns Passed 843 | 52 791 Spaces Moved 644 | 42 602 Core 14 | 9 5 Treads 1 | 1 . Legs 84 | . 84 Wheels 394 | 32 362 Hover . | . . Flight 151 | . 151 Fastest Speed 50 | 50 80 Average Speed 106 | 86 107 Slowest Speed 280 | 160 280 Overloaded Moves . | . . Propulsion Burnouts . | . . Robots Hopped . | . . Cave-ins Triggered . | . . Exploration Rate (%) 31 | 4 59 Regions Visited 1 Branch Regions . Pre-discovered Areas . | . . Known Exits Taken . | . . Unknown Exits Taken 1 | 1 . Scrap Searched . | . . Spaces Dug . | . . Terrain Destroyed . | . . Melee . | . . Projectile . | . . AOE . | . . Terrain Rammed . | . . Walls Destroyed . | . . Machines Disabled . | . . Actions | -11 -10 --------- Run | Scr Mat Total 737 | 58 679 Wait 1 | 1 . Move 643 | 41 602 Hop . | . . Pick Up 20 | 8 12 Fast Attach 4 | . 4 Attach 9 | 7 2 Detach . | . . Swap 6 | . 6 Drop 8 | 1 7 Fire 37 | . 37 Melee 9 | . 9 Ram . | . . Kick . | . . Crush . | . . Escape Stasis . | . . Rewire . | . . Trap . | . . Miscellaneous . | . . Route ------- -11/Scrapyard -10/Materials (discovered 2 exits: [*Mat] / [*Min]) History --------- Turn | Location | Event 28 | -11/Scrapyard | Discovered new exit (range 15) 53 | -11/Scrapyard | Entered Materials 275 | -10/Materials | Discovered new exit (range 7) 307 | -10/Materials | Discovered new exit (range 16) 317 | -10/Materials | Build established: Mutant 570 | -10/Materials | Core integrity fell below 50% 734 | -10/Materials | Repaired Lgt. Assault Rifle? 833 | -10/Materials | Core integrity fell below 20% 844 | -10/Materials | Destroyed by S-10 Pest with Light Assault Rifle Last Messages --------------- Repairing Lgt. Assault Rifle... ETC: 26 >>Refit Scanning configuration... Attaching: Backup Laser I x1 00724_ Acquired 18 matter. [Achievement: Part-time Mechanic] 00734_ >> REPAIR: Completed Lgt. Assault Rifle? 00759_ Dropped Backup Laser I. 00760_ Acquired Lgt. Assault Rifle. 00767_ Flight Unit destroyed. 00768_ Heat Sink melted. 00768_ G-34 Mercenary destroyed. 00775_ Acquired 35 matter. 00776_ K-01 Serf collects debris. 00781_ Acquired Aluminum Leg. 00785_ K-01 Serf collects debris. 00836_ S-10 Pest destroyed. 00840_ Destroyed Flight Unit. Map ----- +----------------------------------------------------+ | ?# """ # #??????## ##### # ????? | | ?# + #???????## ###### #??????? | | ?# ! # #????????# # !# ?????? | | ?######## ###??????+ + # ???? ?? | | ??????# #??????# # # ???????? | | ??????# #??????# # # ?????? ? | | ??????# < #??????# # # #?#?#??## | | ??????# #??????# #! # #??????# | | ??????# #??????# # # ######## | | ??????## ##?#????# # # # # | | ???????# # ??????# # # # ! # | | ???????# # "???#?# ###### # ! # | | ????#?## # "?? #?# # # + # | | ???????# # """ ### % + # # # | | ???????# # + # # # # | | ???????# # """ ### #?? # #####+### | | ######## # """ #?# #????# | | # # # """ #?# #????# | | # # # #?# # ??# | | # "" + # #?# #????# ######### | | # "Y # # #?# #????# #?# """ | | # "" # # ! #?# #????# #?# "R" | | # # [###+##### ######u #?# " " | | ######## s%s %t #?# [ | | # # = k #?# | | #""" # @ #?####### | | #""" + #################+####?????### | | #""" # #?????????#???# #???#?# | | # # < #?#???????????# #?????# | | # ?# ###???????????# #?????# | | ######?#####??????#??????# #?????# | | ?????????????????????????# #####?????# | | ?????????????????????????###??????????# | | ??????????????????????????????????????# | | ??????????????????????????????????????### | | | | | | | | | | | | | | | | | | | | | | | | | | | | | | | +----------------------------------------------------+ Best States ------------- Heat Dissipation 25 Energy Generation 10 Energy Capacity 250 Matter Stores 300 Matter Capacity 300 Sight Range 16 Terrain Scan Range 14 Terrain Scan Density 10 ECM Strength 1 Evasion (%) 42 Item Schematics ----------------- None Robot Schematics ------------------ None Fabricated ------------ Nothing Alien Tech Used ----------------- None Achievements -------------- Everything Is Under Control One Hack Too Far Part-time Mechanic Challenges ------------ None Game ------ Seed IntegratedLightpackWarhead Manual? 0 Play Time 00:16:02 Cumulative 21.0 hours Start 2021.05.22 @ 11:29:41 End 2021.05.22 @ 11:44:45 Sessions 1 Manual Loads 0 Difficulty Rogue Special Mode None Game No. 6 Rogue 6 Adventurer 0 Explorer 0 Win Type - Total 0 Types 0/0/0/0/0/0/0/0/0 Lore% 0 Gallery% 5 Achievement% 4 Wizard Run 0 Options --------- ASCII 1 Keyboard 0 Movement Mouse Keybinds 0 Fullscreen 2 Font 18/TerminusBold Map View 76x50 Tactical HUD 1 Map Filters NONE Filters NONE Steam 1 RUN: f11fb377-c479-4b35-a71b-742e6526788f